Map: Rorschach LE

Players

Juakinosky - Winner!

  • Race: Protoss Protoss
  • League: Diamond

Think

  • Race: Protoss Protoss
  • League: Diamond

VOD

Have the link to the VOD?

Description

PvP opener

Time

  • Played on: Oct. 15, 2026, 10:58 p.m.
  • Length: 7:55
Show
View Real Time Build Order
Export as new Build Order

Juakinosky Protoss - Winner!

Build Orders:  

Get SALT Encoding   

  12  0:02  Probe  
  13  0:14  Probe  
  13  0:19  Pylon  
  14  0:27  Probe  
  15  0:39  Probe (Chrono Boost), Gateway  
  16  0:47  Assimilator  
  17  0:50  Probe (Chrono Boost)  
  17  0:55  Probe (Chrono Boost)  
  18  1:05  Assimilator  
  18  1:07  Probe  
  19  1:17  Gateway  
  19  1:19  Probe  
  20  1:32  Probe, Cybernetics Core  
  21  1:44  Probe  
  22  1:49  Pylon  
  22  1:52  Assimilator  
  22  1:56  Probe  
  23  2:04  Adept x2 (Chrono Boost)  
  23  2:08  Probe  
  28  2:16  Pylon  
  28  2:20  Probe  
  29  2:32  Probe  
  29  2:33  Robotics Facility  
  30  2:44  Stalker  
  30  2:47  Stalker, Probe  
  35  3:02  Probe  
  35  3:28  Immortal  
  39  3:41  Probe  
  39  3:46  Pylon  
  38  3:53  Probe  
  37  4:02  Warp Gate  
  37  4:06  Probe, Nexus  
  37  4:07  Pylon  
  38  4:13  Immortal  
  42  4:18  Probe  
  43  4:27  Shield Battery  
  43  4:30  Probe  
  44  4:33  Sentry x2  
  48  4:39  Shield Battery  
  48  4:42  Probe, Pylon  
  49  4:52  Twilight Council  
  49  4:54  Probe  
  49  4:56  Observer  
  51  5:06  Probe  
  52  5:12  Gateway  
  52  5:14  Pylon  
  52  5:20  Warp Prism (Chrono Boost)  
  52  5:25  Probe  
  53  5:39  Resonating Glaives (Chrono Boost)  
  53  5:40  Probe x2  
  55  5:49  Adept x2  
  59  5:53  Gateway  
  59  6:01  Pylon  
  59  6:04  Gateway  
  59  6:07  Gateway  
  59  6:09  Gateway  
  59  6:11  Pylon  
  59  6:20  Adept x2  
  59  6:21  Adept  
  65  6:51  Adept  
  65  6:52  Adept x3  
  73  7:00  Adept x2  
  77  7:02  Adept  
  79  7:19  Adept x4  
  79  7:20  Adept x2  
  91  7:23  Assimilator  
  91  7:25  Assimilator  
  91  7:34  Probe x2  
  93  7:42  Adept x4  
Show
View Real Time Build Order
Export as new Build Order

Think Protoss 

Build Orders:  

Get SALT Encoding   

  12  0:01  Probe (Chrono Boost)  
  13  0:11  Probe (Chrono Boost)  
  14  0:18  Pylon  
  14  0:21  Probe  
  15  0:36  Gateway  
  15  0:38  Probe  
  16  0:44  Assimilator  
  16  0:52  Probe  
  18  1:04  Probe  
  18  1:12  Gateway  
  18  1:16  Probe  
  19  1:21  Pylon  
  19  1:28  Probe  
  19  1:29  Zealot  
  22  1:37  Cybernetics Core  
  22  1:42  Probe  
  23  2:11  Nexus  
  23  2:19  Stalker (Chrono Boost)  
  25  2:25  Stalker (Chrono Boost)  
  27  2:41  Warp Gate  
  27  2:56  Assimilator  
  27  2:58  Probe  
  28  3:09  Pylon  
  23  3:26  Probe  
  23  3:36  Pylon  
  23  3:38  Probe  
  23  3:50  Probe  
  23  3:52  Stalker  
  23  3:53  Stalker  
  27  3:57  Twilight Council  
  27  3:58  Probe  
  28  4:03  Probe  
  28  4:08  Gateway  
  29  4:10  Probe  
  29  4:15  Probe  
  31  4:23  Probe  
  32  4:24  Blink  
  32  4:27  Probe  
  33  4:36  Gateway  
  33  4:37  Probe  
  34  4:40  Probe  
  33  4:53  Probe  
  33  4:54  Probe  
  33  4:58  Stalker  
  37  5:07  Probe (Chrono Boost)  
  37  5:08  Probe (Chrono Boost)  
  39  5:14  Stalker  
  39  5:18  Probe (Chrono Boost)  
  39  5:19  Probe (Chrono Boost)  
  43  5:23  Probe x2 (Chrono Boost)  
  43  5:27  Robotics Facility  
  45  5:33  Probe  
  45  5:35  Probe  
  43  5:42  Shield Battery  
  43  5:44  Sentry  
  43  5:46  Shield Battery  
  43  5:48  Zealot  
  47  5:55  Sentry  
  49  5:57  Probe x2  
  49  6:01  Stalker  
  53  6:05  Assimilator  
  53  6:08  Assimilator  
  53  6:09  Probe  
  54  6:12  Probe  
  54  6:14  Zealot x2  
  59  6:23  Warp Prism (Chrono Boost)  
  61  6:26  Probe  
  61  6:30  Probe  
  61  6:32  Pylon  
  54  6:51  Stalker x2  
  54  6:52  Probe x2  
  60  7:04  Probe x2  
  60  7:07  Immortal (Chrono Boost)  
  66  7:16  Probe x2  
  68  7:27  Templar Archives  
  68  7:29  Probe x2  
Tags
 
Add a new tag
Caveats
  • Supply blocks, unpowered buildings, or Contaminate may cause inaccurate times.
  • Supply counts are checked every 10 seconds.